 Dungeon Crawl Stone Soup version 0.27.1-1-g398f81649c (webtiles) character file.

Game seed: 13892058170824533830

23 Descartes the Covered (level 2, 0/18 HPs)
             Began as a Gargoyle Wanderer on Sept 12, 2021.
             Was an Initiate of Gozag.
             Slain by an adder (4 damage)
             ... on level 2 of the Dungeon.
             The game lasted 00:02:30 (1334 turns).

Descartes the Covered (Gargoyle Wanderer)           Turns: 1334, Time: 00:02:31

Health: 0/18       AC: 14    Str: 14    XL:     2   Next: 95%
Magic:  2/2        EV:  4    Int: 12    God:    Gozag
Gold:   21         SH:  0    Dex: 10    Spells: 1/1 levels left

rFire    . . .     SeeInvis .   e - +0 club
rCold    . . .     Faith    .   (no shield)
rNeg     + . .     Spirit   .   h - +0 plate armour
rPois    ∞         Reflect  .   (no helmet)
rElec    +         Harm     .   (no cloak)
rCorr    .         Rampage  .   (no gloves)
Will     .....                  (no boots)
Stlth    ..........             (no amulet)
HPRegen  0.06/turn              (no ring)
MPRegen  0.08/turn              (no ring)

@: no status effects
A: sickness immunity, AC +2, negative energy resistance 1, electricity
resistance, torment resistance 1, petrification resistance
a: Renounce Religion, Potion Petition, Call Merchant, Bribe Branch


You were on level 2 of the Dungeon.
You worshipped Gozag.
Gozag was noncommittal.
You visited 1 branch of the dungeon, and saw 2 of its levels.

You collected 21 gold pieces.

Inventory:

Hand Weapons
 a - a +0 hand axe
 e - a +0 club (weapon)
 j - a +0 hunting sling
Missiles
 d - 27 bolts
 i - 57 stones (quivered)
Armour
 b - a +2 scale mail
 h - a +0 plate armour (worn)
Scrolls
 c - a scroll of teleportation
 g - a scroll of identify {unknown}
 l - a scroll of enchant weapon {unknown}
Potions
 f - a potion of brilliance {unknown}
 k - a potion of magic {unknown}
 m - a potion of heal wounds {unknown}


   Skills:
 + Level 2.6 Fighting
 - Level 2.0 Crossbows
 + Level 4.6 Armour
 + Level 1.2 Stealth
 + Level 1.7 Shields
 - Level 1.0 Evocations


You had one spell level left.
You didn't know any spells.
Your spell library was empty.

Dungeon Overview and Level Annotations

Branches:
Dungeon (2/15)

Altars:
Gozag


Innate Abilities, Weirdness & Mutations

You are immune to sickness and miasma.
Your stone body is resilient. (AC +2)
You are immune to poison.
You resist negative energy. (rN+)
You are resistant to electric shocks. (rElec)
You are resistant to unholy torment.
You are immune to petrification.


Message History

i - 57 stones (gained 28)
A kobold comes into view. It is wielding a +0 whip.
The kobold shouts!
The kobold throws a stone.
The stone hits you but does no damage.
An adder comes into view.
The adder hisses angrily.
The kobold throws a stone.
The stone hits you but does no damage.
Found a dagger.
The kobold hits you with a +0 whip.
You closely miss the kobold. The kobold completely misses you.
Your plate armour prevents you from hitting the kobold.
The kobold hits you with a +0 whip. The adder bites you but does no damage.
You miss the adder. The adder bites you.
The kobold hits you but does no damage. The adder bites you but does no damage.
The kobold barely misses you.
You hit the adder.
The adder is moderately wounded.
The adder bites you but does no damage. The kobold hits you with a +0 whip.
You closely miss the adder.
The adder is moderately wounded.
The adder bites you but does no damage. x2
The kobold hits you but does no damage.
You barely miss the adder.
The adder is moderately wounded.
The adder bites you but does no damage. The kobold hits you but does no damage.
The adder bites you but does no damage.
You miss the adder.
The adder is moderately wounded.
The kobold hits you with a +0 whip. The adder bites you.
* * * LOW HITPOINT WARNING * * *
The kobold hits you but does no damage.
You are too injured to fight recklessly!
You are too injured to fight recklessly!
You are too injured to fight recklessly!
You are too injured to fight recklessly!
You are too injured to fight recklessly!
The adder barely misses you. The adder bites you but does no damage.
The adder bites you.
You die...
Your body crumbles into a pile of gold.

.....[..##..........
.......... #...........#
#.......# #...........
##.......###...........
#.....................#
##.....................#
................# #.##.#
#..........K#####.##.#
###
)....#.....##.S@....##.#
#.#
.......##..#####.......##
#.## ...#### #....
#####....# #..# #.##...
#..##.## ##<## ... ..#
#.###..####..# ..## ##
... ##.....#.. .# ##..
#####..## ##. ##... ##
###.


You could see an adder and a kobold.

Vanquished Creatures
  3 ball pythons
  2 endoplasms
  A giant cockroach (D:1)
  5 goblins (D:1)
  A hobgoblin (D:1)
  3 kobolds (D:1)
  A quokka (D:1)
  A bat (D:1)
  2 frilled lizards (D:1)
  2 rats (D:1)
21 creatures vanquished.

Vanquished Creatures (others)
  A withered plant (D:1)
1 creature vanquished.

Grand Total: 22 creatures vanquished

Notes
Turn   | Place    | Note
-------+----------+-------------------------------------------
     0 | D:1      | Descartes the Gargoyle Wanderer began the quest for the
                  | Orb.
     0 | D:1      | Descartes set off with the following items: a +0 hand axe,
                  | a +2 scale mail, a scroll of teleportation
     0 | D:1      | Reached XP level 1. HP: 12/12 MP: 1/1
   125 | D:1      | Reached XP level 2. HP: 15/18 MP: 2/2
   196 | D:1      | Found a faded altar of an unknown god.
   269 | D:1      | Reached skill level 1 in Stealth
  1289 | D:1      | Became a worshipper of Gozag Ym Sagoz the Greedy
  1334 | D:2      | Slain by an adder

Illustrated notes

Levels and vault maps discovered:
D:1:      tarquinn_simple_flora_water_d, layout_loops_ring,
          ebering_ecumenical_altar_petrified
D:2:      layout_rooms, chequers_serial_rivers_micro_a, grunt_ministairs_10

Skill      XL: |  1  2 |
---------------+-------+-----
Stealth        | 1 |  1.2
Fighting       | |  2.6
Crossbows      | |  2.0
Armour         | |  4.6
Shields        | |  1.7
Evocations     | |  1.0

Action                   || total
-------------------------++-------
Melee: Hand axe          ||    13
       Club              ||    98
Armor: Scale mail        ||    14
       Plate armour      ||   114
Dodge: Dodged            ||    35
